 Dungeon Crawl Stone Soup version bcrawl-1.21.2-28-g2cb1824106 (webtiles) character file.

Game seed: 6273537879266896064

133480 MisterOstroum the Warrior (level 17, -38/231 HPs)
             Began as an Ogre Transmuter on Mar 7, 2020.
             Was an Elder of Sif Muna.
             Annihilated by a balrug
             ... wielding a +1 demon whip of freezing
             ... summoned by Asterion
              (58 damage)
             ... on level 1 of the Spider Nest.
             The game lasted 01:01:34 (32925 turns).

MisterOstroum the Warrior (Ogre Transmuter)        Turns: 32925, Time: 01:01:35

Health: -38/231    AC: 15    Str: 24    XL:     17   Next: 14%
Magic:  10/31      EV: 14    Int: 19    God:    Sif Muna [****..]
Gold:   837        SH:  0    Dex:  9    Spells: 21/36 levels left

rFire    x . .     SeeInvis .     - Unarmed
rCold    + + .     Gourm    .   (shield currently unavailable)
rNeg     + . .     Faith    +   (armour currently unavailable)
rPois    +         Spirit   .   (helmet currently unavailable)
rElec    +         Reflect  .   (cloak currently unavailable)
rCorr    .         Harm     .   (gloves unavailable)
MR       +++..                  (boots unavailable)
Stlth    +.........             B - amulet of faith
HPRegen  0.48/turn              S - ring "Cuprich" {+Blink rElec rC- rN+ Str+6}
MPRegen  0.22/turn              y - +6 ring of protection

@: ice-form
A: large, unfitting armour
a: End Transformation, Divine Energy, Channel Magic, Forget Spell, Renounce
Religion, Evoke Blink


You were on level 1 of the Spider Nest.
You worshipped Sif Muna.
Sif Muna was greatly pleased with you.
You were hungry.
You were a creature of crystalline ice.
You visited 5 branches of the dungeon, and saw 23 of its levels.
You also visited: Sewer and Ice Cave.

You collected 2726 gold pieces.
You spent 1889 gold pieces at shops.

Inventory:

Hand Weapons
 a - a +0 blowgun
Missiles
 g - 5502 stones (quivered)
 k - 4008 arrows
 l - 433 poisoned needles
Armour
 b - a +1 hat of magic resistance (melded)
 r - a +2 cloak of cold resistance (melded)
 s - a +0 large shield of cold resistance
 Z - a +2 robe of cold resistance (melded)
Jewellery
 t - an uncursed ring of resist corrosion
 w - a cursed ring of attention {unknown}
 y - a +6 ring of protection (right front paw)
 B - an amulet of faith (around neck)
 I - the amulet of Buiqeder {+Rage rC++ MR+}
   (You acquired it in the Orcish Mines)

   [amulet of rage]

   It greatly protects you from cold.
   It affects your resistance to hostile enchantments.
   It lets you go berserk.
 S - the ring "Cuprich" (left front paw) {+Blink rElec rC- rN+ Str+6}
   (You found it on level 1 of the Lair of Beasts)

   [ring of positive energy]

   It affects your strength (+6).
   It makes you vulnerable to cold.
   It insulates you from electricity.
   It protects you from negative energy.
   It lets you blink.
 Y - an uncursed ring of see invisible
Wands
 f - a wand of flame (35)
 i - a wand of iceblast (13)
 p - a wand of disintegration (14)
 u - a wand of paralysis (10)
 C - a wand of clouds (7)
 G - a wand of enslavement (4)
 M - a wand of acid (18)
 U - a wand of random effects (13)
Scrolls
 h - 4 scrolls of fog
 j - 10 scrolls of teleportation {@r3 !r}
 D - a scroll of remove curse {@r2}
 F - 9 scrolls of identify {@r1}
 H - a scroll of magic mapping {@r5 !r}
 J - 2 scrolls of blinking {@r4}
 K - 3 scrolls of silence
 L - a scroll of summoning
 T - a scroll of fear {!r}
Potions
 c - 3 potions of agility {@q5 !q}
 d - a potion of brilliance
 m - 5 potions of mutation
 o - a potion of berserk rage
 q - 6 potions of curing {@q1 !q}
 v - 2 potions of haste
 x - 2 potions of flight
 z - 7 potions of heal wounds {@q2 !q}
 A - 5 potions of resistance
 E - 2 potions of invisibility
 N - 3 potions of magic
 P - 4 potions of might
 Q - 3 potions of lignification {@q6}
Miscellaneous
 n - a fan of gales
 V - 2 boxes of beasts
 W - a lamp of fire
 X - a sack of spiders
Comestibles
 e - 45 rations {!d}
 O - 5 chunks of flesh


   Skills:
 * Level 17.7 Fighting
 - Level 10.7 Dodging
 * Level 14.3 Unarmed Combat
 - Level 10.0 Spellcasting
 - Level 5.0 Charms
 - Level 5.0 Necromancy
 - Level 10.0 Transmutations
 - Level 4.0 Ice Magic
 - Level 3.0 Poison Magic
 + Level 6.3 Invocations
 + Level 5.8 Evocations


You had 21 spell levels left.
You knew the following spells:

 Your Spells              Type           Power        Failure   Level  Hunger
a - Passwall              Tmut/Erth      ####....     1%          2    None
b - Sticks to Snakes      Tmut           #####...     1%          2    None
c - Spider Form           Tmut/Pois      ###          1%          3    None
d - Ice Form              Ice/Tmut       #####...     4%          4    ##.....
e - Slow                  Hex            #.......     8%          1    None
H - Regeneration          Chrm/Necr      ####......   2%          3    None

Your spell library contained the following spells:

 Spells                   Type           Power        Failure   Level  Hunger
 Animate Skeleton         Necr           N/A          1%          1    None
 Beastly Appendage        Tmut           #####.       1%          1    None
 Infusion                 Chrm           ####....     1%          1    None
 Pain                     Necr           ####..       1%          1    None
 Corpse Rot               Necr           N/A          1%          2    None
 Song of Slaying          Chrm           ####....     1%          2    None
 Vampiric Draining        Necr           ####......   2%          3    None
 Ignite Poison            Fire/Tmut/Pois ####....     3%          3    None
 Ozocubu's Armour         Chrm/Ice       ####....     3%          3    None
 Blade Hands              Tmut           #####.....   3%          5    #####..
 Ensorcelled Hibernation  Hex/Ice        ###...       4%          2    None
 Swiftness                Chrm/Air       ###.....     4%          2    None
 Apportation              Tloc           #.....       8%          1    None
 Blink Other              Tloc           #.....       8%          1    None
 Flame Tongue             Conj/Fire      #....        8%          1    None
 Sandblast                Erth           #.....       8%          1    None
 Shock                    Conj/Air       #....        8%          1    None
 Summon Butterflies       Summ           #.......     8%          1    None
 Summon Small Mammal      Summ           #...         8%          1    None
 Animate Dead             Necr           N/A          10%         4    ##.....
 Petrify                  Tmut/Erth      ####....     10%         4    ##.....
 Yara's Violent Unravell  Hex/Tmut       ####......   10%         4    ##.....
 Blink                    Tloc           N/A          11%         2    None
 Call Imp                 Summ           #.....       11%         2    None
 Mephitic Cloud           Conj/Pois/Air  ##......     14%         3    None
 Call Canine Familiar     Summ           #.......     22%         3    None
 Confuse                  Hex            #.......     22%         3    None
 Dazzling Spray           Conj/Hex       #.....       22%         3    None
 Portal Projectile        Tloc           #.....       22%         3    None
 Static Discharge         Air            #.......     22%         3    None
 Teleport Other           Tloc           #.......     22%         3    None
 Olgreb's Toxic Radiance  Pois           ###.....     22%         4    ##.....
 Agony                    Necr           ####....     26%         5    #####..
 Dispel Undead            Necr           ####....     26%         5    #####..
 Piercing Shot            Chrm           ####......   26%         5    #####..
 Summon Ice Beast         Ice/Summ       ###.....     32%         4    ##.....
 Airstrike                Air            #.........   58%         4    ##.....
 Force Lance              Tloc           #.......     58%         4    ##.....
 Bolt of Draining         Conj/Necr      ###.......   58%         5    #####..
 Iskenderun's Battlesphe  Conj/Chrm      ###.....     58%         5    #####..
 Metabolic Englaciation   Hex/Ice        ###.......   65%         5    #####..
 Venom Bolt               Conj/Pois      ###.......   73%         5    #####..
 Death Channel            Chrm/Necr      ####......   82%         6    ######.
 Lee's Rapid Deconstruct  Erth           #.........   90%         5    #####..
 Lightning Bolt           Conj/Air       #.........   90%         5    #####..
 Passage of Golubria      Tloc           N/A          90%         5    #####..
 Summon Lightning Spire   Summ/Air       #.......     90%         5    #####..
 Summon Mana Viper        Hex/Summ       #.......     90%         5    #####..
 Ozocubu's Refrigeration  Ice            ###.......   91%         6    ######.
 Borgnjor's Vile Clutch   Necr/Erth      ###.......   99%         6    ######.
 Deflect Missiles         Chrm/Air       ###.......   99%         6    ######.
 Poison Arrow             Conj/Pois      ###.......   99%         6    ######.
 Conjure Ball Lightning   Conj/Air       #.........   100%        6    ######.
 Darkness                 Hex            #.........   100%        6    ######.
 Invisibility             Hex            #.......     100%        6    ######.
 Iron Shot                Conj/Erth      #.........   100%        6    ######.
 Icicle Burst             Conj/Ice       ###.......   100%        7    #######
 Mana Rupture             Conj/Hex       #.........   100%        7    #######
 Orb of Destruction       Conj           #.........   100%        7    #######
 Spellforged Servitor     Conj/Summ      #.........   100%        7    #######


Dungeon Overview and Level Annotations

Branches:
Dungeon (12/12)            Temple (0/1) D:7            Lair (6/6) D:9
  Swamp (3/3) Lair:3       Spider (1/3) Lair:2        Slime (0/5) Lair:6
    Orc (1/1) D:8             Elf (0/3) Orc          Vaults (0/3) D:11
 Depths (0/5) D:12

Altars:
Ashenzari
Fedhas
Hepliaklqana
Nemelex Xobeh
Ru
Sif Muna
Vehumet
Beogh
Jiyva

Shops:
D:4 [   D:6 =   D:7 *   D:10 *   D:11 ?   Orc [[?[

Annotations:
Lair:4 exclusion: 2 oklob plants
Swamp:3 Louise
Spider:1 Asterion Orc 2 runed doors, exclusion: orange crystal statue


Innate Abilities, Weirdness & Mutations

You are too large for most types of armour.
((You have tough skin. (AC +1)))


Message History

The wolf spider hits you but does no damage.
The wolf spider barely misses you.
You squash the wolf spider like an ant!!!
You freeze the wolf spider.
You kill the wolf spider!
Sif Muna accepts your kill.
You see here a wolf spider corpse.
You pick up a book of Misfortune and begin reading...
You add the spells Confuse, Dazzling Spray, Petrify, Yara's Violent Unravelling, Metabolic Englaciation and Mana Rupture to your library.
A wolf spider comes into view.
There isn't anything here!
You see here a tarantella corpse.
You butcher the tarantella corpse.
You see here 3 chunks of flesh.
O - 5 chunks of flesh (gained 3) Asterion the Fallen King comes into view.
He is wielding a +2 morningstar of pain and wearing the +2 medium shield "Vazauh" {rF+}.
Asterion bellows!
Evoke which item? (* to show all) (? for menu, Esc to quit)
Aiming: Cloud Cone
Press: ? - help, Dir - move target cursor, f - Asterion
Aim: Asterion, wielding a +2 morningstar of pain, wearing a +0 chain mail and wearing the +2 medium shield "Vazauh" {rF+} You create a blast of freezing vapour!
Asterion is engulfed in freezing vapours.
Asterion mumbles some strange prayers to Makhleb.
Asterion seems to speed up.
The wolf spider hits you! The wolf spider misses you.
You punch the wolf spider! You freeze the wolf spider.
The wolf spider is moderately wounded.
Asterion is engulfed in freezing vapours.
The wolf spider completely misses you. The wolf spider bites you.
Asterion is engulfed in freezing vapours.
You punch the wolf spider! You freeze the wolf spider.
The wolf spider is heavily wounded.
The wolf spider closely misses you. The wolf spider misses you.
The wolf spider hits you!
The wolf spider bites you but does no damage.
You pummel the wolf spider!! You freeze the wolf spider!
You kill the wolf spider!
Sif Muna accepts your kill.
Asterion is engulfed in freezing vapours.
Asterion misses you. Asterion gores you! Asterion blocks your attack.
Asterion is lightly wounded.
You punch Asterion! You freeze Asterion.
Asterion is moderately wounded.
Asterion is engulfed in freezing vapours.
Asterion hits you with a +2 morningstar of pain.
You writhe in agony.
Asterion closely misses you.
You punch Asterion! You freeze Asterion.
Asterion is moderately wounded.
Asterion is engulfed in freezing vapours.
Asterion hits you with a +2 morningstar of pain!!
* * * LOW HITPOINT WARNING * * *
You writhe in agony.
* * * LOW HITPOINT WARNING * * *
Asterion gores you.
* * * LOW HITPOINT WARNING * * *
A tarantella comes into view.
The tarantella hisses angrily.
Casting: Regeneration (safe; 2% risk of failure)
Confirm with . or Enter, or press ? or * to list all spells.
You miscast Regeneration.
Sif Muna protects you from the effects of your miscast!
Asterion is engulfed in freezing vapours.
Asterion says, "Soon your soul will belong to Makhleb."
Asterion hits you with a +2 morningstar of pain!!
* * * LOW HITPOINT WARNING * * *
You writhe in agony.
* * * LOW HITPOINT WARNING * * *
Asterion closely misses you.
Okay, then.
Unknown command.
Evoke which item? (* to show all) (? for menu, Esc to quit)
Aiming: Corrosive Bolt
Press: ? - help, Shift-Dir - straight line, f/p - Asterion
Aim: Asterion, wielding a +2 morningstar of pain, wearing a +0 chain mail and wearing the +2 medium shield "Vazauh" {rF+} (freezing vapour, heavily wounded, fast)
The bolt of acid hits Asterion!!
Asterion is splashed with acid!
Asterion is severely wounded.
Asterion is engulfed in freezing vapours.
Asterion hits you with a +2 morningstar of pain.
* * * LOW HITPOINT WARNING * * *
You writhe in agony.
* * * LOW HITPOINT WARNING * * *
Asterion gores you but does no damage.
Asterion is engulfed in freezing vapours.
Asterion utters an invocation to Makhleb.
Evoke which item? (* to show all) (? for menu, Esc to quit)
Aiming: Corrosive Bolt
Press: ? - help, Shift-Dir - straight line, f/p - Asterion
Aim: Asterion, wielding a +2 morningstar of pain, wearing a +0 chain mail and wearing the +2 medium shield "Vazauh" {rF+} (freezing vapour, severely wounded, fast)
The bolt of acid hits Asterion!
Asterion is splashed with acid!
The acid corrodes Asterion!
Asterion is almost dead.
The tarantella closely misses you.
Asterion is engulfed in freezing vapours.
Asterion hits you with a +2 morningstar of pain!
* * * LOW HITPOINT WARNING * * *
Asterion barely misses you.
The balrug hits you with a +1 demon whip of freezing!!!
You die...

.^#......#..##.. #
..#....#.......
...#...#.........
#.#.......#.#...#^.
.....##..#.........#
#..#....†...#.#...#.
#..#............#..
....#...s.2.......#.
..#....##Y#†.#.....#
....#..#.H#.......#
.#......§§#.....##
#...#.<.#§§...###
....#....§§§###
##....#.#.#..#
..^.##.....#...
...#.# #..........#
.. ## ####....#...


You could see Asterion, a balrug and a tarantella.

Vanquished Creatures
  A thorn hunter (Swamp:2)
  A frost giant (IceCv)
  An orc warlord (Orc)
  A ghost moth (Spider:1)
  A very ugly thing (D:12)
  6 dire elephants
  10 hydras
  A death knight (D:9)
  2 shambling mangroves
  An ice dragon (D:12)
  2 centaur warriors
  An anaconda (Lair:6)
  10 alligators
  3 ogre magi
  16 two-headed ogres
  6 death yaks
  Urug (D:11)
  Nergalle (Lair:4)
  A deep elf archer (D:8)
  2 swamp dragons
  2 unseen horrors
  A spriggan druid (Swamp:2)
  A wolf spider zombie (D:9)
  2 orb spiders
  4 lindwurms
  2 cyclopes
  An orc knight (Orc)
  An oklob plant (Lair:3)
  3 deep elf magi (D:12)
  An orc sorcerer (D:12)
  7 ugly things
  6 wolf spiders (Spider:1)
  2 manticores
  21 elephants
  2 centaur zombies (D:8)
  4 black mambas
  An ice statue (IceCv)
  21 cane toads
  2 gargoyles
  14 komodo dragons
  11 rime drakes
  2 centaur skeletons (D:12)
  3 trolls
  3 meliai (D:12)
  15 polar bears
  6 tyrant leeches
  10 blink frogs (Lair:6)
  13 hippogriffs
  7 slime creatures
  6 dream sheep
  4 bog bodies
  Prince Ribbit (D:9)
  12 hornets
  A redback (D:9)
  A centaur simulacrum (D:12)
  3 tarantellas (Spider:1)
  2 spriggans
  6 basilisks
  43 yaks
  A shadow (D:10)
  2 vampires
  2 wraiths (D:12)
  12 wyverns
  Eustachio (D:4)
  A human (shapeshifter) (D:12)
  3 fire bats (Lair:2)
  Grum (Lair:1)
  19 vampire mosquitoes
  A warg (Orc)
  Menkaure (D:7)
  3 insubstantial wisps (Swamp:1)
  2 acid dragons
  10 water moccasins
  7 swamp worms
  9 crocodiles
  9 porcupines
  Duvessa (D:5)
  5 swamp drakes
  An eye of draining (D:12)
  A hell hound (Lair:4)
  28 orc warriors
  3 sky beasts
  4 ice beasts
  28 wolves
  4 phantoms
  9 ogres
  18 centaurs
  16 bullfrogs
  7 big kobolds
  A wyvern zombie (D:9)
  Dowan (D:5)
  2 scorpions
  A hornet simulacrum (D:9)
  5 killer bees (D:10)
  8 wights
  6 electric eels
  2 howler monkeys
  2 crimson imps
  A bullfrog zombie (D:5)
  A gnoll shaman (D:8)
  15 jellies
  15 orc wizards
  8 orc priests
  9 hounds
  2 bullfrog skeletons
  12 iguanas
  4 hell rats (Lair:3)
  6 worker ants
  A hound zombie (D:6)
  A howler monkey zombie (D:9)
  2 worker ant zombies (D:5)
  8 gnolls
  11 adders
  A shadow imp (D:5)
  6 oozes
  2 adder skeletons
  An adder zombie (D:7)
  3 worms
  3 dart slugs
  6 leopard geckos
  50 orcs
  4 ball pythons
  6 giant cockroaches
  5 goblins
  4 hobgoblins
  13 jackals
  3 quokkas
  A bat (D:1)
  6 frilled lizards
  A jackal zombie (D:5)
  21 kobolds
  A leopard gecko zombie (D:5)
  4 rats
789 creatures vanquished.

Vanquished Creatures (collateral kills)
  Rupert (Orc)
  A frilled lizard (D:1)
2 creatures vanquished.

Vanquished Creatures (others)
  27 fungi
  70 plants
97 creatures vanquished.

Grand Total: 888 creatures vanquished

Notes
Turn   | Place    | Note
-------+----------+-------------------------------------------
     0 | D:1      | MisterOstroum the Ogre Transmuter began the quest for the
                  | Orb.
     0 | D:1      | Reached XP level 1. HP: 19/19 MP: 3/3
   131 | D:1      | Reached XP level 2. HP: 21/28 MP: 3/5
   295 | D:1      | Learned a level 2 spell: Sticks to Snakes
   312 | D:1      | Reached skill level 2 in Fighting
   636 | D:1      | Reached XP level 3. HP: 31/35 MP: 6/6
   641 | D:1      | Learned a level 3 spell: Spider Form
  1775 | D:2      | Reached XP level 4. HP: 41/44 MP: 0/7
  2252 | D:3      | Reached skill level 1 in Poison Magic
  2578 | D:3      | Reached XP level 5. HP: 49/50 MP: 4/8
  2934 | D:3      | Found a blossoming altar of Fedhas.
  3015 | D:3      | Found a sparkling altar of Nemelex Xobeh.
  3022 | D:3      | Found a radiant altar of Vehumet.
  3025 | D:3      | Found a shattered altar of Ashenzari.
  3355 | D:4      | Noticed a phantom
  3383 | D:4      | Killed a phantom
  3383 | D:4      | Reached skill level 3 in Fighting
  3383 | D:4      | Reached XP level 6. HP: 22/61 MP: 4/9
  3765 | D:4      | Noticed Eustachio
  3773 | D:4      | Killed Eustachio
  3838 | D:4      | Reached XP level 7. HP: 67/67 MP: 10/10
  4197 | D:4      | Reached skill level 4 in Fighting
  4301 | D:4      | Reached skill level 5 in Unarmed Combat
  4647 | D:4      | Found Cenlurem's Armour Emporium.
  4894 | D:5      | Entered Level 5 of the Dungeon
  4918 | D:5      | Noticed Duvessa
  4928 | D:5      | Noticed Dowan
  4933 | D:5      | Reached skill level 5 in Transmutations
  4933 | D:5      | Reached XP level 8. HP: 49/79 MP: 9/11
  4943 | D:6      | Reached skill level 5 in Fighting
  5030 | D:6      | Learned a level 4 spell: Ice Form
  5222 | D:6      | Found Tuecoth's Jewellery Emporium.
  5466 | D:5      | Killed Duvessa
  5466 | D:5      | Reached skill level 6 in Fighting
  5547 | D:5      | Found a glowing drain.
  5578 | Sewer    | Entered a sewer
  5925 | D:5      | Killed Dowan
  5999 | D:5      | Reached skill level 1 in Ice Magic
  6170 | D:5      | Reached XP level 9. HP: 83/92 MP: 14/14
  6536 | D:5      | Reached skill level 7 in Fighting
  7333 | D:6      | Found a shimmering blue altar of Sif Muna.
  7395 | D:6      | Became a worshipper of Sif Muna the Loreminder
  7755 | D:7      | Found Zoamo's Assorted Antiques.
  7760 | D:7      | Bought a scroll labeled NIUMUE WENYE for 28 gold pieces
  7760 | D:7      | Bought a puce potion for 25 gold pieces
  7760 | D:7      | Bought a scroll labeled ESEDWA BYERID for 28 gold pieces
  7760 | D:7      | Bought a silvery potion for 25 gold pieces
  7760 | D:7      | Bought a blackened pearl ring for 140 gold pieces
  7769 | D:7      | Noticed Menkaure
  7784 | D:7      | Killed Menkaure
  8055 | D:7      | Noticed a troll
  8060 | D:7      | Learned a level 1 spell: Slow
  8079 | D:7      | Noticed a hornet
  8105 | D:7      | Killed a hornet
  8105 | D:7      | Reached skill level 8 in Fighting
  8202 | D:7      | Reached * piety under Sif Muna
  8208 | D:7      | Found a staircase to the Ecumenical Temple.
  8211 | D:7      | Reached XP level 10. HP: 85/104 MP: 9/16
  8334 | D:7      | Reached skill level 5 in Dodging
  8667 | D:8      | Noticed a two-headed ogre
  8683 | D:8      | Killed a two-headed ogre
  8683 | D:8      | Reached skill level 5 in Spellcasting
  9042 | D:8      | Noticed a deep elf archer
  9280 | D:8      | Reached skill level 9 in Fighting
  9290 | D:8      | Killed a deep elf archer
  9290 | D:8      | Identified Sif Muna's Tome of Doomed Feathers (Sif Muna
                  | gifted it to you on level 8 of the Dungeon)
  9290 | D:8      | Received a gift from Sif Muna
  9519 | D:8      | Found a staircase to the Orcish Mines.
  9695 | D:8      | Reached XP level 11. HP: 108/117 MP: 19/19
  9718 | D:8      | Noticed a three-headed hydra
  9727 | D:8      | Killed a three-headed hydra
  9727 | D:8      | Reached skill level 10 in Fighting
  9915 | D:9      | Found a staircase to the Lair.
  9990 | D:9      | Reached ** piety under Sif Muna
 10006 | D:9      | Noticed a purple ugly thing
 10045 | D:9      | Noticed Prince Ribbit
 10101 | D:9      | Killed Prince Ribbit
 10772 | D:9      | Noticed a two-headed ogre
 10778 | D:9      | Killed a two-headed ogre
 10778 | D:9      | Reached skill level 1 in Evocations
 11240 | D:10     | Entered Level 10 of the Dungeon
 11347 | D:10     | Noticed a two-headed ogre
 11353 | D:10     | Identified Sif Muna's Disquisition on the Lucky Glacier
                  | (Sif Muna gifted it to you on level 10 of the Dungeon)
 11353 | D:10     | Received a gift from Sif Muna
 11358 | D:10     | Killed a two-headed ogre
 11358 | D:10     | Reached skill level 11 in Fighting
 11600 | D:10     | Noticed a red ugly thing
 11625 | D:10     | Noticed a white ugly thing
 11709 | D:10     | Noticed a two-headed ogre
 11711 | D:10     | Noticed a cyan ugly thing
 11713 | D:10     | Noticed a red ugly thing
 11718 | D:10     | Killed a two-headed ogre
 11914 | Lair:1   | Entered Level 1 of the Lair of Beasts
 12010 | Lair:1   | Reached XP level 12. HP: 130/130 MP: 21/21
 12220 | Lair:1   | Got a sparkling wooden ring
 12223 | Lair:1   | Identified the ring "Cuprich" {+Blink rElec rC- rN+ Str+6}
                  | (You found it on level 1 of the Lair of Beasts)
 12226 | Lair:1   | Noticed Grum
 12235 | Lair:1   | Killed Grum
 13577 | Lair:2   | Reached skill level 12 in Fighting
 13875 | Lair:2   | Found a hole to the Spider Nest.
 14293 | Lair:3   | Noticed a seven-headed hydra
 14305 | Lair:2   | Killed a seven-headed hydra
 14323 | Lair:3   | Noticed a six-headed hydra
 14328 | Lair:3   | Killed a six-headed hydra
 14663 | Lair:3   | Learned a level 3 spell: Regeneration
 14697 | Lair:3   | Found a staircase to the Swamp.
 14776 | Lair:3   | Identified Sif Muna's Incunabulum of the Toxic Glacier (Sif
                  | Muna gifted it to you on level 3 of the Lair of Beasts)
 14776 | Lair:3   | Received a gift from Sif Muna
 14776 | Lair:3   | Reached skill level 1 in Charms
 14776 | Lair:3   | Reached skill level 1 in Necromancy
 14945 | Lair:3   | Reached skill level 10 in Unarmed Combat
 14969 | Lair:3   | Reached XP level 13. HP: 119/141 MP: 24/24
 15416 | Lair:4   | Reached *** piety under Sif Muna
 15855 | Lair:4   | Noticed Nergalle
 15863 | Lair:4   | Killed Nergalle
 15863 | Lair:4   | Reached skill level 13 in Fighting
 16037 | Lair:4   | Identified Orraim's Compendium of Warped Darkness (Sif Muna
                  | gifted it to you on level 4 of the Lair of Beasts)
 16037 | Lair:4   | Received a gift from Sif Muna
 18080 | Lair:5   | Reached XP level 14. HP: 154/154 MP: 26/26
 18118 | Lair:5   | Reached skill level 14 in Fighting
 18390 | Lair:5   | Reached skill level 10 in Dodging
 18965 | Lair:6   | Entered Level 6 of the Lair of Beasts
 18965 | Lair:6   | Found a frozen archway.
 18990 | Lair:6   | Noticed a dire elephant
 18990 | Lair:6   | Noticed a dire elephant
 19045 | Lair:6   | Identified Sif Muna's Catalogue of Attacks (Sif Muna gifted
                  | it to you on level 6 of the Lair of Beasts)
 19045 | Lair:6   | Received a gift from Sif Muna
 19194 | Lair:6   | Reached **** piety under Sif Muna
 19425 | IceCv    | Entered an ice cave
 19436 | IceCv    | HP: 7/188 [polar bear (12)]
 20250 | IceCv    | Noticed a frost giant
 20266 | IceCv    | Killed a frost giant
 20736 | IceCv    | Reached skill level 5 in Charms
 20928 | Lair:5   | Reached skill level 5 in Necromancy
 21224 | Lair:5   | Reached skill level 15 in Fighting
 21407 | Lair:6   | Identified Sif Muna's Collected Works on Supportive Flight
                  | (Sif Muna gifted it to you on level 6 of the Lair of
                  | Beasts)
 21407 | Lair:6   | Received a gift from Sif Muna
 21677 | Lair:6   | Reached XP level 15. HP: 154/167 MP: 28/28
 22432 | Lair:6   | Reached skill level 10 in Spellcasting
 22850 | Lair:6   | Found a viscous altar of Jiyva.
 22852 | Lair:6   | Found a staircase to the Slime Pits.
 23338 | Lair:6   | Reached skill level 10 in Transmutations
 23622 | Lair:5   | Learned a level 2 spell: Passwall
 23784 | D:10     | Identified Ahomoh's Guide on Transmutation and the Birds
                  | (Sif Muna gifted it to you on level 10 of the Dungeon)
 23784 | D:10     | Received a gift from Sif Muna
 24089 | D:10     | Found Naodej's General Store.
 24144 | D:7      | Bought a leatherbound book for 420 gold pieces
 24212 | D:9      | Reached skill level 1 in Invocations
 25657 | D:11     | Found a gate to the Vaults.
 25684 | D:11     | Noticed Urug
 25698 | D:11     | Killed Urug
 25925 | D:11     | Found Fegut's Magic Scroll Boutique.
 25928 | D:11     | Bought a scroll of acquirement for 676 gold pieces
 25928 | D:11     | Bought a scroll of summoning for 123 gold pieces
 25928 | D:11     | Bought a scroll of fog for 26 gold pieces
 25928 | D:11     | Bought a scroll of blinking for 97 gold pieces
 25928 | D:11     | Bought a scroll of teleportation for 39 gold pieces
 25928 | D:11     | Bought a scroll of immolation for 45 gold pieces
 26196 | D:12     | Entered Level 12 of the Dungeon
 26514 | D:12     | Found a hazy altar of Hepliaklqana.
 26771 | D:12     | Found a sacrificial altar of Ru.
 27137 | D:12     | Reached XP level 16. HP: 172/179 MP: 30/30
 27261 | D:12     | Reached skill level 16 in Fighting
 27613 | D:12     | Found a staircase to the Depths.
 27937 | Orc      | Entered the Orcish Mines
 27937 | Orc      | Found a roughly hewn altar of Beogh.
 28087 | Orc      | Found a runed door.
 28101 | Orc      | Found the +10 large shield of Ignorance {rN+ Int-4}
 28147 | Orc      | Found a staircase to the Elven Halls.
 28597 | Orc      | Found a runed door.
 28918 | Orc      | Identified Zurph's Guide on Enhancements and Feathers (Sif
                  | Muna gifted it to you in the Orcish Mines)
 28918 | Orc      | Received a gift from Sif Muna
 28943 | Orc      | Found Gevetugg's Armour Shop.
 28943 | Orc      | Found Isumene's Magic Scroll Shoppe.
 28943 | Orc      | Found Ciceinow's Antique Armour Emporium.
 28946 | Orc      | Found Tuicyczi's Armour Boutique.
 28960 | Orc      | Noticed Rupert
 29247 | Orc      | Killed Rupert
 29629 | Orc      | Bought a scroll of teleportation for 42 gold pieces
 29629 | Orc      | Bought a scroll of teleportation for 42 gold pieces
 29629 | Orc      | Bought a scroll of fog for 28 gold pieces
 29629 | Orc      | Bought a scroll of enchant armour for 105 gold pieces
 30019 | Orc      | Identified the +4 robe of Peek-a-Boo {rElec rPois rN+
                  | rCorr} (You acquired it in the Orcish Mines)
 30019 | Orc      | Identified the amulet of Buiqeder {+Rage rC++ MR+} (You
                  | acquired it in the Orcish Mines)
 30151 | Swamp:1  | Entered Level 1 of the Swamp
 30387 | Swamp:1  | Reached skill level 5 in Invocations
 30664 | Swamp:1  | Reached skill level 5 in Evocations
 31020 | Swamp:1  | Reached skill level 17 in Fighting
 31414 | Swamp:1  | Identified the Grimoire of Beguiling (You acquired it on
                  | level 1 of the Swamp)
 32236 | Swamp:2  | Noticed a thorn hunter
 32241 | Swamp:2  | Killed a thorn hunter
 32425 | Swamp:2  | Reached XP level 17. HP: 192/192 MP: 31/31
 32755 | Swamp:3  | Entered Level 3 of the Swamp
 32755 | Swamp:3  | Noticed Louise
 32855 | Spider:1 | Entered Level 1 of the Spider Nest
 32915 | Spider:1 | Identified the +2 medium shield "Vazauh" {rF+}
 32915 | Spider:1 | Noticed Asterion
 32925 | Spider:1 | Annihilated by a balrug

Skill      XL: |  1  2  3  4  5  6  7  8  9 10 11 12 13 14 15 16 |
---------------+-------------------------------------------------+-----
Transmutations | 2 3 5 6 7 8 9 10 | 10.0
Unarmed Combat | 3 4 5 6 7 8 10 11 13 14 | 14.3
Fighting       | 2 3 4 6 8 9 11 12 13 15 17 | 17.7
Poison Magic   | 1 2 3 |  3.0
Dodging        | 3 4 6 7 8 9 10 | 10.7
Spellcasting   | 3 4 5 6 7 8 9 10 | 10.0
Ice Magic      | 1 2 3 4 |  4.0
Evocations     | 2 3 4 5 |  5.8
Charms         | 1 4 5 |  5.0
Necromancy     | 1 4 5 |  5.0
Invocations    | 3 6 |  6.3

Action                   |  1- 3 |  4- 6 |  7- 9 | 10-12 | 13-15 | 16-18 || total
-------------------------+-------+-------+-------+-------+-------+-------++-------
Melee: Unarmed           |   139 |   149 |   330 |   600 |  1002 |   499 ||  2719
       Kick              |     6 |     2 |       |       |       |       ||     8
       Headbutt          |     2 |     9 |       |       |       |       ||    11
       Punch             |       |     2 |     1 |       |       |       ||     3
 Fire: Blowgun           |     3 |       |       |       |       |       ||     3
Throw: Stone             |     1 |     5 |     1 |     1 |       |       ||     8
 Cast: Beastly Appendage |    15 |     7 |       |       |       |       ||    22
       Sticks to Snakes  |     1 |       |       |       |     3 |     2 ||     6
       Spider Form       |     4 |    17 |    12 |     4 |     3 |     1 ||    41
       Ice Form          |       |       |     2 |     4 |     7 |     6 ||    19
       Slow              |       |       |       |     3 |       |       ||     3
       Regeneration      |       |       |       |       |     3 |    24 ||    27
 Abil: End Transformatio |       |       |     1 |       |     4 |     6 ||    11
Evoke: Wand              |       |       |       |     3 |    11 |     3 ||    17
  Use: Scroll            |       |     5 |     3 |     3 |    18 |     9 ||    38
       Potion            |       |       |     2 |       |     4 |     1 ||     7
 Stab: Sleeping          |     1 |       |       |     6 |       |       ||     7
  Eat: Chunk             |     3 |    10 |    12 |    17 |    26 |    20 ||    88
       Ration            |       |       |     1 |     2 |     4 |       ||     7
Armor: Robe              |    43 |    19 |     6 |       |     1 |       ||    69
       Skin              |       |     4 |    42 |   109 |   448 |   222 ||   825
Dodge: Dodged            |   110 |    76 |   306 |   506 |   713 |   425 ||  2136
